 Dungeon Crawl Stone Soup version 0.31.0-11-ge490571c62 (webtiles) character file.

Game seed: 15985287988863863335

86 qw the Shooter (level 4, -4/25 HPs)
             Began as a Deep Elf Hunter on Feb 3, 2024.
             Slain by a gnoll
             ... wielding a +0 flail
              (5 damage)
             ... on level 3 of the Dungeon.
             The game lasted 00:00:07 (2153 turns).

qw the Shooter (Deep Elf Hunter)                    Turns: 2153, Time: 00:00:08

Health: -4/25      AC:  9    Str:  8 (10) XL:     4   Next: 27%
Magic:  6/6        EV: 10    Int: 12 (14) God:
Gold:   97         SH:  0    Dex: 18      Spells: 3/3 levels left

rFire   + . .        a - +0 shortbow
rCold   . . .        (shield currently unavailable)
rNeg    . . .        j - +0 ring mail
rPois   .            h - +2 helmet
rElec   .            (no cloak)
rCorr   .            f - +0 pair of gloves
SInv    .            (no boots)
Will    .....        (no amulet)
Stlth   +            b - ring of protection from fire
HPRegen 0.24/turn    (no ring)
MPRegen 0.10/turn

%: no passive effects
@: no status effects
A: no striking features
a: no special abilities


You were on level 3 of the Dungeon.
You visited 1 branch of the dungeon, and saw 3 of its levels.

You collected 97 gold pieces.


   Skills:
 - Level 1.5 Fighting
 + Level 7.7 Ranged Weapons
 - Level 2.4 Dodging
 - Level 1.2 Stealth


You had 3 spell levels left.
You didn't know any spells.
Your spell library was empty.

Inventory:

Hand Weapons
 a - a +0 shortbow (weapon)
Armour
 f - a +0 pair of gloves (worn)
 h - a +2 helmet (worn)
 j - a +0 ring mail (worn)
Jewellery
 b - a ring of protection from fire (left hand)
Wands
 i - a wand of polymorph (13)

Dungeon Overview and Level Annotations

Branches:
Dungeon (3/15)

Altars:


Message History

The gnoll is heavily wounded.
A gnoll comes into view. It is wielding a +0 flail.
You shoot an arrow. The arrow hits the gnoll.
The gnoll is heavily wounded.
You shoot an arrow. The arrow closely misses the gnoll.
The arrow hits the kobold.
You kill the kobold!
You shoot an arrow. The arrow hits the gnoll.
The gnoll is severely wounded.
A gnoll comes into view. It is wielding a +0 spear.
You shoot an arrow. The arrow closely misses the gnoll.
The arrow hits the gnoll!
The gnoll is heavily wounded.
The gnoll barely misses you.
You shoot an arrow. The arrow closely misses the gnoll.
The arrow barely misses the gnoll.
The gnoll hits you with a +0 club.
You shoot an arrow. The arrow barely misses the gnoll. x2
The arrow hits the gnoll.
The gnoll is moderately wounded.
The gnoll hits you but does no damage.
You shoot an arrow. The arrow hits the gnoll!
You kill the gnoll!
The gnoll hits you but does no damage. x2; The gnoll barely misses you.
You shoot an arrow. The arrow completely misses the gnoll.
The gnoll barely misses you. x2; The gnoll closely misses you.
You shoot an arrow.
The arrow hits the gnoll but does no damage.
The gnoll is heavily wounded.
The gnoll closely misses you. x2; The gnoll hits you with a +0 flail.
You shoot an arrow. The arrow completely misses the gnoll.
The gnoll hits you but does no damage. The gnoll hits you with a +0 flail.
The gnoll hits you from afar with a +2 heavy halberd.
You shoot an arrow. The arrow barely misses the gnoll.
The gnoll hits you with a +0 flail! The gnoll barely misses you.
You shoot an arrow. The arrow barely misses the gnoll.
The gnoll hits you from afar with a +0 spear.
The gnoll barely misses you. x2; The gnoll closely misses you.
The gnoll hits you with a +0 flail.
You die...

##### #...# ## #.#.#
###### ... #.#.# #....#
...#####.#.# #....# #
.>....(..#.###....# ..#
..................#...#
......................+
.........#.###.@g.#..
........##+###..).#
.......<.....#..gg..?#
...#.....:...####....#
............... ......
............... ...)..
............... .....
#.>............ .....
#........#.....


You could see 3 gnolls.

Vanquished Creatures
  Robin (D:2)
  A gnoll (D:3)
  3 adders (D:2)
  A dart slug (D:1)
  7 bats
  4 endoplasms
  A giant cockroach (D:1)
  6 goblins (D:2)
  2 hobgoblins (D:2)
  2 quokkas (D:1)
  A ball python (D:2)
  5 kobolds
  5 rats
39 creatures vanquished.

Notes
Turn   | Place    | Note
-------+----------+-------------------------------------------
     0 | D:1      | qw the Deep Elf Hunter began the quest for the Orb.
     0 | D:1      | Reached XP level 1. HP: 12/12 MP: 3/3
     0 | D:1      | 0 ||| qw: Version: 0.3-a-157-g843a77d
     0 | D:1      | 0 ||| qw: Game counter: 3703
     0 | D:1      | 0 ||| qw: Melee chars always use a shield: true
     0 | D:1      | 0 ||| qw: God list: Okawaru
     0 | D:1      | 0 ||| qw: Allow faded altars: false
     0 | D:1      | 0 ||| qw: Do Orc after clearing Dungeon:15 true
     0 | D:1      | 0 ||| qw: Do second Lair branch before Depths: true
     0 | D:1      | 0 ||| qw: Lair rune preference: random
     0 | D:1      | 0 ||| qw: Goals: Normal
     0 | D:1      | 0 ||| PLANNING D:1-11
   304 | D:1      | Reached XP level 2. HP: 16/16 MP: 4/4
   308 | D:1      | Reached skill level 6 in Ranged Weapons
   627 | D:1      | 627 ||| UPGRADING to +0 pair of gloves.
   632 | D:1      | 632 ||| READING scroll labelled ABURUIQANEY.
   733 | D:1      | 733 ||| DRINKING 5 viscous brown potions.
   734 | D:1      | 734 ||| DROPPING scroll of butterflies.
   735 | D:1      | 735 ||| DROPPING 4 potions of degeneration.
   809 | D:2      | 809 ||| UPGRADING to ring of protection from fire.
   843 | D:2      | 843 ||| FLEEEEING.
   844 | D:2      | 844 ||| FLEEEEING.
  1096 | D:2      | Reached XP level 3. HP: 15/20 MP: 5/5
  1156 | D:2      | Identified the staff of the Valley of Death {*Slow rC+
                  | Int+5 Ice}
  1549 | D:2      | 1549 ||| FLEEEEING.
  1550 | D:2      | Noticed Robin
  1560 | D:2      | 1560 ||| FLEEEEING.
  1561 | D:2      | 1561 ||| FLEEEEING.
  1562 | D:2      | 1562 ||| FLEEEEING.
  1563 | D:2      | 1563 ||| FLEEEEING.
  1564 | D:2      | 1564 ||| FLEEEEING.
  1565 | D:2      | 1565 ||| FLEEEEING.
  1566 | D:2      | Reached skill level 7 in Ranged Weapons
  1566 | D:2      | 1566 ||| FLEEEEING.
  1567 | D:2      | 1567 ||| FLEEEEING.
  1568 | D:2      | 1568 ||| FLEEEEING.
  1569 | D:2      | 1569 ||| FLEEEEING.
  1570 | D:2      | 1570 ||| FLEEEEING.
  1571 | D:2      | 1571 ||| FLEEEEING.
  1572 | D:2      | 1572 ||| FLEEEEING.
  1573 | D:2      | 1573 ||| FLEEEEING.
  1574 | D:2      | 1574 ||| FLEEEEING.
  1575 | D:2      | 1575 ||| FLEEEEING.
  1576 | D:2      | 1576 ||| FLEEEEING.
  1577 | D:2      | 1577 ||| FLEEEEING.
  1578 | D:2      | 1578 ||| FLEEEEING.
  1581 | D:2      | Killed Robin
  1962 | D:2      | 1962 ||| UPGRADING to +2 helmet.
  1967 | D:2      | 1967 ||| UPGRADING to +0 ring mail.
  1977 | D:2      | 1977 ||| DROPPING +0 leather armour.
  1978 | D:2      | 1978 ||| READING 2 scrolls labelled TIRPHO QUMIJIA.
  1979 | D:2      | 1979 ||| READING scroll labelled IBOCRY UVVIOFE.
  1979 | D:2      | 1979 ||| IDENTIFYING coppery potion
  1980 | D:2      | 1980 ||| DROPPING potion of berserk rage.
  1981 | D:2      | 1981 ||| DROPPING scroll of amnesia.
  2069 | D:3      | 2069 ||| STAIRDANCE
  2075 | D:2      | Reached XP level 4. HP: 19/25 MP: 6/6
  2152 | D:3      | HP: 6/25 [gnoll/+0 flail (9)]
  2153 | D:3      | HP: 1/25 [gnoll/+0 spear (6)]
  2153 | D:3      | Slain by a gnoll

Levels and vault maps discovered:
D:1:      dpeg_arrival_round_a, layout_loops_cross
D:2:      layout_basic, serial_co_window_serial, co_window_corner_a,
          co_window_corner_a, co_window_paths_b, co_window_paths_b,
          co_window_paths_b, co_window_unsneaky_path_a, co_window_cross_3,
          co_window_broadway_b, co_window_sun, co_window_paths_e, uniq_robin
D:3:      layout_basic, chequers_temple_overflow_minitemple,
          mainiacjoe_overflow_paths, serial_shops, shop, grunt_ministairs_8

Skill      XL: |  1  2  3 |
---------------+----------+-----
Ranged Weapons | 6 7 |  7.7
Fighting       | |  1.5
Dodging        | |  2.4
Stealth        | |  1.2

Action                     |  1- 3 |  4- 6 || total
---------------------------+-------+-------++-------
  Melee: Unarmed           |     8 |       ||     8
   Fire: Shortbow          |   115 |    15 ||   130
    Use: Scroll            |     3 |       ||     3
         Potion            |     1 |       ||     1
 Armour: Leather armour    |    26 |       ||    26
         Ring mail         |     5 |    13 ||    18
         Skin              |     4 |       ||     4
  Dodge: Dodged            |    33 |    12 ||    45

Table legend:
 A = Non-vault XP
 B = Vault XP
 C = Vault XP percentage of total XP
 D = Non-vault monster count
 E = Vault monster count
 F = Vault count percentage of total count
                 A         B        C        D         E       F
            +---------+---------+-------+---------+---------+-------
      Total |      96 |      28 |  22.6 |      31 |       8 |  20.5
            +---------+---------+-------+---------+---------+-------
        D:1 |      25 |       0 |   0.0 |      15 |       0 |   0.0
        D:2 |      52 |      28 |  35.0 |      13 |       8 |  38.1
        D:3 |      19 |       0 |   0.0 |       3 |       0 |   0.0
            +---------+---------+-------+---------+---------+-------
